 Dungeon Crawl Stone Soup version 0.18.1-50-g88ac8fd (webtiles) character file.

2714 magog001 the Basher (level 9, -1/54 HPs)
             Began as a Gargoyle Fighter on Oct 8, 2018.
             Slain by an ice beast (10 damage)
             ... on level 6 of the Dungeon.
             The game lasted 00:29:48 (5737 turns).

magog001 the Basher (Gargoyle Fighter)              Turns: 5737, Time: 00:29:49

Health: -1/54      AC: 17    Str: 24    XL:     9   Next: 66%
Magic:  9/9        EV: 10    Int:  8    God:
Gold:   282        SH:  0    Dex:  9    Spells: 0 memorised, 8 levels left

rFire  . . .     SeeInvis +     t - +7 great mace "Undeadhunter" {disrupt, rN+}
rCold  . . .     Gourm    .     b - +0 scale mail
rNeg   + + .     Faith    +     (shield currently unavailable)
rPois  ∞         Spirit   .     (no helmet)
rElec  +         Dismiss  .     l - +0 cloak
rCorr  .         Reflect  .     v - +1 pair of gloves
SustAt .         Harm     .     (no boots)
MR     .....                    h - amulet of faith
Stlth  +.........               d - ring of see invisible
                                (no ring)

@: not resistant to hostile enchantments, very unstealthy
A: camouflage 1, frail 1, negative energy resistance 1, electricity resistance,
unbreathing, evolution 1, petrification resistance, rot immunity, AC +5
a: no special abilities


You were on level 6 of the Dungeon.
You were not hungry.

You visited 1 branch of the dungeon, and saw 6 of its levels.

You collected 327 gold pieces.
You spent 45 gold pieces at shops.

Inventory:

Hand Weapons
 t - the +7 great mace "Undeadhunter" (weapon) {disrupt, rN+}
   (You found it on level 5 of the Dungeon)

   It protects you from negative energy.
 A - a +4 hunting sling of flaming
Missiles
 k - 20 poisoned needles
 m - 5 tomahawks (quivered)
 o - 51 sling bullets
Armour
 b - a +0 scale mail (worn)
 c - a +0 shield
 l - a +0 cloak (worn)
 v - a +1 pair of gloves (worn)
Jewellery
 d - a ring of see invisible (right hand)
 h - an amulet of faith (around neck)
Scrolls
 a - 2 scrolls of teleportation
 e - 2 scrolls of remove curse
 j - a scroll of immolation
 u - 5 scrolls of identify
Potions
 x - 3 potions of resistance
Comestibles
 f - 5 bread rations
 g - 4 fruits
 r - 5 chunks of flesh


   Skills:
 * Level 8.5 Fighting
   Level 0.1 Long Blades
 * Level 9.6 Maces & Flails
 * Level 8.3 Armour
 * Level 8.9 Shields


You had 8 spell levels left.
You didn't know any spells.

Dungeon Overview and Level Annotations

Branches:
Dungeon (6/15)
 Temple: D:4-7

Altars:
Gozag
Kikubaaqudgha
Pakellas
Qazlal
The Shining One

Shops:
D:6 (


Innate Abilities, Weirdness & Mutations

You are resistant to torment.
Your stone body is resilient (AC +5).
You are immune to poison.
You resist negative energy.
You are resistant to electric shocks.
You can survive without breathing.
You are immune to petrification.
You are immune to rotting.
Your skin changes colour to match your surroundings (Stealth).
You are frail (-10% HP).
You evolve.


Message History

You bludgeon the orc warrior!!
You kill the orc warrior!
The orc zaps a wand.
The bolt of lightning misses you. The orc hits you with a morningstar.
* * * LOW HITPOINT WARNING * * *
An ice beast comes into view.
Things that are here:
a halberd; a plate armour You closely miss the orc.
The orc hits you with a morningstar.
* * * LOW HITPOINT WARNING * * *
You sock the orc!
You kill the orc!
Things that are here:
a morningstar; a ring mail; a wand of lightning {zapped: 2}
Things that are here:
a halberd; a plate armour The ice beast hits you.
* * * LOW HITPOINT WARNING * * *
The ice beast freezes you!
You die...

....##****#'..##..#**,,**,,*
....#*,,*##...$...###.....,*
##..##$.....(......#.....,,*
##..##..................,,**
#....#...........#.....,,**
#....+...........+..!.,,,*
######...........#...,,,,*
##..##...#######Y##.#*,,**
#...##...###.###@##.##***
'....#.....'...#.)...#
#....#.÷...#...#.)...#
#...##....##÷.####..#####
#...##....##..####..##..##
...........#.............#
...).......#.............#
.....[.....#.............#
##########################


You could see an ice beast.

Vanquished Creatures
  Eustachio (D:6)
  Edmund (D:5)
  An orc warrior (D:6)
  A sky beast (D:5)
  2 phantoms (D:5)
  A black bear (D:6)
  3 ogres
  A centaur (D:5)
  Blork the orc (D:5)
  A scorpion (D:5)
  10 wights
  A howler monkey (D:5)
  3 crimson imps
  2 orc priests
  A hound (D:5)
  2 jellies (D:6)
  3 orc wizards
  A giant frog skeleton (D:6)
  An iguana (D:5)
  3 worker ants
  A hound skeleton (D:5)
  A worker ant zombie (D:6)
  9 adders
  A howler monkey skeleton (D:6)
  3 oozes
  3 worms
  2 dart slugs
  2 giant geckos
  27 orcs
  8 bats
  5 giant cockroaches
  11 goblins
  11 hobgoblins
  8 jackals
  6 kobolds
  2 quokkas (D:2)
  5 giant newts
  7 rats
  9 plants (D:5)
161 creatures vanquished.

Vanquished Creatures (others)
  A plant (D:5)
1 creature vanquished.

Grand Total: 162 creatures vanquished

Notes
Turn   | Place    | Note
--------------------------------------------------------------
     0 | D:1      | magog001 the Gargoyle Fighter began the quest for the Orb.
     0 | D:1      | Reached XP level 1. HP: 14/14 MP: 1/1
   217 | D:1      | Reached XP level 2. HP: 19/19 MP: 2/2
   428 | D:1      | Reached XP level 3. HP: 24/24 MP: 3/3
  1136 | D:2      | Reached XP level 4. HP: 25/29 MP: 4/4
  1160 | D:2      | Found a glowing golden altar of the Shining One.
  1315 | D:2      | Found a stormy altar of Qazlal.
  1853 | D:3      | Reached XP level 5. HP: 32/34 MP: 5/5
  1863 | D:3      | Reached skill level 3 in Maces & Flails
  1863 | D:3      | Reached XP level 6. HP: 7/39 MP: 6/6
  2121 | D:3      | Reached skill level 5 in Shields
  3156 | D:4      | Reached skill level 5 in Armour
  3267 | D:4      | Gained mutation: You are partially covered in iridescent scales (AC +4). [potion of beneficial mutation]
  3268 | D:4      | Reached skill level 8 in Maces & Flails
  3268 | D:4      | Reached XP level 7. HP: 48/48 MP: 7/7
  3269 | D:4      | Lost mutation: You are partially covered in iridescent scales (AC +4). [potion of cure mutation]
  3441 | D:4      | Reached XP level 8. HP: 52/54 MP: 8/8
  4249 | D:5      | Entered Level 5 of the Dungeon
  4310 | D:5      | Noticed Edmund
  4324 | D:5      | Killed Edmund
  4365 | D:5      | Found an oddly glowing altar of Pakellas.
  4369 | D:5      | Found an ancient bone altar of Kikubaaqudgha.
  4458 | D:5      | Noticed Blork the orc
  4462 | D:5      | Killed Blork the orc
  4462 | D:5      | Reached skill level 9 in Maces & Flails
  4701 | D:5      | Reached XP level 9. HP: 59/59 MP: 9/9
  5204 | D:6      | Found an opulent altar of Gozag.
  5293 | D:6      | Found Ikkicezo's Antique Weapon Emporium.
  5312 | D:6      | Bought a runed hunting sling for 45 gold pieces
  5590 | D:6      | Noticed Eustachio
  5600 | D:6      | Killed Eustachio
  5726 | D:6      | Gained mutation: You are frail (-10% HP). [potion of mutation]
  5726 | D:6      | Gained mutation: You evolve. [potion of mutation]
  5726 | D:6      | Gained mutation: Your skin changes colour to match your surroundings (Stealth). [potion of mutation]
  5737 | D:6      | Slain by an ice beast

Skill      XL: |  1  2  3  4  5  6  7  8 |
---------------+-------------------------+-----
Fighting       | 4 7 8 |  8.5
Armour         | 4 7 8 |  8.3
Shields        | 4 8 |  8.9
Maces & Flails | 3 8 9 |  9.6
Long Blades    | |  0.1

Action                   |  1- 3 |  4- 6 |  7- 9 || total
-------------------------+-------+-------+-------++-------
Melee: Flail             |   150 |   195 |       ||   345
       Great sword       |       |    16 |       ||    16
       Morningstar       |       |     9 |    62 ||    71
       Great mace        |       |       |   229 ||   229
  Use: Potion            |       |     3 |     4 ||     7
       Scroll            |       |     5 |     5 ||    10
  Eat: Chunk             |     1 |     3 |     2 ||     6
       Meat ration       |       |     1 |     1 ||     2
       Beef jerky        |       |       |     1 ||     1
Armor: Scale mail        |    85 |    91 |   105 ||   281
Dodge: Dodged            |    41 |    72 |    85 ||   198
Block: Shield            |    79 |   105 |    42 ||   226
